 Dungeon Crawl Stone Soup version 0.17.1-3-g152610e (webtiles) character file.

112 buf2 the Shooter (level 4, -5/30 HPs)
             Began as a High Elf Hunter on Apr 19, 2016.
             Was a Follower of Makhleb.
             Slain by Crazy Yiuf
             ... wielding a +3 quarterstaff of chaos
              (7 damage)
             ... on level 3 of the Dungeon.
             The game lasted 00:31:41 (3752 turns).

buf2 the Shooter (High Elf Hunter)                  Turns: 3752, Time: 00:31:41

Health: -5/30      AC:  4    Str: 11    XL:     4   Next: 63%
Magic:  2/5        EV: 13    Int: 15    God:    Makhleb [*.....]
Gold:   190        SH:  0    Dex: 16    Spells: 0 memorised, 3 levels left

rFire  . . .     SeeInvis .     b - +0 short sword
rCold  . . .     Clarity  .     c - +1 leather armour
rNeg   . . .     SustAt   .     (no shield)
rPois  +         Gourm    .     (no helmet)
rElec  .         Spirit   .     (no cloak)
rCorr  .         Warding  .     (no gloves)
rMut   .         Stasis   .     (no boots)
MR     .....                    (no amulet)
Stlth  ++........               (no ring)
                                g - ring of poison resistance

@: very slightly contaminated, hasted and slowed, not resistant to hostile
enchantments, unstealthy
A: no striking features
a: Renounce Religion


You were on level 3 of the Dungeon.
You worshipped Makhleb.
Makhleb was aware of your devotion.
You were not hungry.

You visited 1 branch of the dungeon, and saw 3 of its levels.

You collected 190 gold pieces.

Inventory:

Hand Weapons
 a - a +1 shortbow
 b - a +0 short sword (weapon)
 p - a +0 hunting sling
 q - a +0 whip
 r - a +0 dagger
 y - a +0 flail
 F - a +0 spear
Missiles
 d - 73 arrows
 h - 75 stones (quivered)
 j - 28 poisoned needles
 l - 32 bolts
 u - 7 tomahawks of returning
 z - 6 javelins
Armour
 c - a +1 leather armour (worn)
 f - a +0 buckler
 i - a +0 robe
 m - a +0 leather armour
 s - a +0 ring mail
 v - a +0 chain mail
 A - a +0 ring mail
 B - a +0 plate armour
 C - a +0 scale mail
Magical Staves
 x - an uncursed staff of summoning
Jewellery
 g - a ring of poison resistance (left hand)
Scrolls
 o - 2 scrolls of remove curse
 w - a scroll of blinking
 D - a scroll of random uselessness {unknown}
 G - a scroll of immolation
 H - a scroll of identify
Potions
 k - 2 potions of brilliance
 n - a potion of haste
 t - a potion of agility
Comestibles
 e - a bread ration


   Skills:
 + Level 2.6 Fighting
 + Level 0.5 Short Blades
 + Level 0.2 Staves
 + Level 6.5 Bows
 + Level 1.1 Armour
 + Level 3.1 Dodging
 + Level 1.3 Stealth


You had 3 spell levels left.
You didn't know any spells.

Dungeon Overview and Level Annotations

Branches:
Dungeon (3/15)

Altars:
Dithmenos
Makhleb

Annotations:
D:3 Crazy Yiuf


Message History

You are very lightly contaminated with residual magic.
You hit Crazy Yiuf.
Crazy Yiuf is severely wounded.
Crazy Yiuf hits you with a quarterstaff of chaos.
* * * LOW HITPOINT WARNING * * *
You closely miss Crazy Yiuf.
Crazy Yiuf is severely wounded.
Crazy Yiuf misses you.
You barely miss Crazy Yiuf.
Crazy Yiuf is severely wounded.
Crazy Yiuf closely misses you.
You closely miss Crazy Yiuf.
Crazy Yiuf is severely wounded.
You closely miss Crazy Yiuf.
Crazy Yiuf is severely wounded.
Crazy Yiuf hits you but does no damage.
You feel yourself slow down.
You hit Crazy Yiuf.
Crazy Yiuf is almost dead.
Crazy Yiuf hits you with a quarterstaff of chaos!
You die...

#..........._... ####'##.#.......
#.##.#....... #.##.##.....#
####.####.### #.........
♣♣♣♣♣##########.# ♣♣♣.♣.P#.####
#.. ♣g@♣..♣.....## #.#
#...(.♣♣♣♣P.......# #.# . #(..#
♣♣P#..#..# #.# ... ### ♣♣####..#
#.# ..# #..# #.# ..# #..####'#
..##+############## #..#.....
............[.....#### ##.#.....
.....................#####.#.....


You could see Crazy Yiuf.

Vanquished Creatures
  5 adders
  4 worms
  5 orcs (D:3)
  A ball python (D:2)
  4 giant cockroaches
  4 hobgoblins
  6 kobolds
  6 bats
  2 giant geckos
  3 giant newts
  6 goblins
  9 rats
  2 fungi (D:3)
57 creatures vanquished.

Notes
Turn   | Place    | Note
--------------------------------------------------------------
     0 | D:1      | buf2 the High Elf Hunter began the quest for the Orb.
     0 | D:1      | Reached XP level 1. HP: 14/14 MP: 2/2
   494 | D:1      | Reached XP level 2. HP: 19/19 MP: 3/3
   651 | D:1      | Reached skill level 6 in Bows
  1189 | D:2      | Reached XP level 3. HP: 23/25 MP: 4/4
  2058 | D:2      | Reached skill level 1 in Armour
  2058 | D:2      | Reached XP level 4. HP: 16/30 MP: 5/5
  2888 | D:3      | Found a shadowy altar of Dithmenos.
  3387 | D:3      | Found a faded altar to an unknown god.
  3442 | D:3      | Became a worshipper of Makhleb the Destroyer
  3442 | D:3      | Reached * piety under Makhleb
  3731 | D:3      | Noticed Crazy Yiuf
  3752 | D:3      | Slain by Crazy Yiuf

Action                   |  1- 3 |  4- 6 || total
-------------------------+-------+-------++-------
Melee: Short sword       |    93 |   129 ||   222
       Staff             |    13 |       ||    13
 Fire: Shortbow          |    48 |    29 ||    77
Throw: Javelin           |       |     2 ||     2
       Stone             |       |     1 ||     1
  Use: Scroll            |     6 |     4 ||    10
       Potion            |     1 |     4 ||     5
  Eat: Chunk             |     4 |       ||     4
       Meat ration       |       |     1 ||     1
       Beef jerky        |       |     1 ||     1
